 Dungeon Crawl Stone Soup version 0.27-a0-1565-gad902ab807 (webtiles) character file.

Game seed: 9528038241166606458

15847 mordus the Thaumaturge (level 12, -7/91 HPs)
             Began as a Djinni Conjurer on July 16, 2021.
             Was an Initiate of Gozag.
             Mangled by an eight-headed hydra (9 damage)
             ... on level 2 of the Lair of Beasts.
             The game lasted 01:12:56 (16660 turns).

mordus the Thaumaturge (Djinni Conjurer)           Turns: 16660, Time: 01:12:58

Health: -7/91      AC:  6    Str:  6    XL:     12   Next: 62%
Gold:   2754       EV: 17    Int: 30    God:    Gozag SH:  0 Dex: 15

rFire    + + .     SeeInvis .   s - staff of conjuration
rCold    . . .     Faith    .   (no shield)
rNeg     + . .     Spirit   .   F - +2 robe {rC+}
rPois    ∞         Reflect  .   n - +0 helmet
rElec    .         Harm     .   q - +0 cloak
rCorr    .         Rampage  .   (no gloves)
Will     +....                  (boots unavailable)
Stlth    ++........             (no amulet)
HPRegen  0.25/turn              C - ring of positive energy
MPRegen  0.00/turn              G - +6 ring of intelligence

@: gold aura, flying
A: sickness immunity, fire resistance 2, cold vulnerability 1, float, innate
caster, hp casting, extra vitality 1, agile 1
a: Renounce Religion, Potion Petition, Call Merchant, Bribe Branch


You were on level 2 of the Lair of Beasts.
You worshipped Gozag.
Gozag was most pleased with you.
You visited 3 branches of the dungeon, and saw 14 of its levels.

You collected 3083 gold pieces.
You spent 194 gold pieces at shops.
You paid 135 gold pieces to Gozag.

Inventory:

Hand Weapons
 f - a +0 whip of freezing
 m - a +1 dagger of holy wrath
 E - a +1 hand crossbow
Missiles
 b - 6 datura-tipped darts
 i - 148 bolts
 x - a throwing net
 y - 8 curare-tipped darts
Armour
 a - a +1 robe
 n - a +0 helmet (worn)
 q - a +0 cloak (worn)
 F - a +2 robe of cold resistance (worn)
Magical Staves
 c - a staff of death
 o - a staff of air
 s - a staff of conjuration (weapon)
 K - a staff of cold
Jewellery
 j - a ring of fire
 r - a ring of ice
 C - a ring of positive energy (left hand)
 G - a +6 ring of intelligence (right hand)
Wands
 e - a wand of charming (7)
 u - a wand of digging (4)
 w - a wand of flame (30)
 A - a wand of paralysis (9)
 B - a wand of polymorph (15)
Scrolls
 g - 5 scrolls of teleportation
 h - 10 scrolls of identify
 k - 2 scrolls of enchant weapon
 t - 3 scrolls of immolation
 v - a scroll of vulnerability
 D - a scroll of enchant armour
 I - a scroll of amnesia {unknown}
 J - a scroll of blinking
 L - a scroll of acquirement
Potions
 d - 6 potions of curing
 l - a potion of resistance
 p - a potion of invisibility
 z - a potion of haste
Miscellaneous
 H - a lightning rod (4/4)


   Skills:
 + Level 9.9 Fighting
 + Level 11.0 Dodging
 - Level 1.5 Stealth
 * Level 11.2 Spellcasting


You had 5 spell levels left.
You knew the following spells:

 Your Spells              Type           Power      Damage    Failure   Level
a - Magic Dart            Conj           100%       1d8       1%          1
b - Searing Ray           Conj           100%       3d7       1%          2
c - Dazzling Flash        Conj/Hex       100%       N/A       1%          3
d - Fulminant Prism       Conj/Hex       45%        3d21      1%          4
e - Iskenderun's Mystic   Conj/Tloc      91%        2d18      1%          4
f - Corona                Hex            78%        N/A       1%          1
g - Poisonous Vapours     Pois/Air       100%       N/A       1%          2
h - Mephitic Cloud        Conj/Pois/Air  91%        N/A       1%          3
i - Cause Fear            Hex            35%        N/A       1%          4
j - Ice Form              Ice/Tmut       71%        N/A       1%          4
Your spell library was empty.

Dungeon Overview and Level Annotations

Branches:
Dungeon (11/15)            Temple (1/1) D:6            Lair (2/6) D:11
  Swamp: Lair:2-4    Shoals: Lair:2-4     Snake: Lair:2-4    Spider: Lair:2-4
    Orc: D:9-12

Altars:
Ashenzari
Cheibriados
Dithmenos
Elyvilon
Fedhas
Gozag
Hepliaklqana
Kikubaaqudgha
Makhleb
Nemelex Xobeh
Okawaru
Qazlal
Ru
Sif Muna
Trog
Uskayaw
Vehumet
Wu Jian
Xom
Yredelemnul
Zin
The Shining One

Shops:
D:2 ?   D:8 *   D:9 [

Portals:
Trove: D:11 (give +4 demon trident)


Innate Abilities, Weirdness & Mutations

You are immune to sickness and miasma.
You are immune to poison.
Your flesh is very heat resistant. (rF++)
You are vulnerable to cold. (rC-)
You float through the air rather than walking.
You learn spells naturally, not from books.
Your magical power is your life essence.
You have superior vitality. (+4 HP)
You are agile. (Dex +2)


Message History

You feel a surge of power!
You conjure a prism of explosive energy!
A fulminant prism comes into view.
Casting: Fulminant Prism (safe; 1% risk of failure)
Confirm with . or Enter, or press ? or * to list all spells.
Aiming: Searing Ray (safe; 1% risk of failure)
Press: ? - help, Shift-Dir - straight line, f - eight-headed hydra
Aim: an eight-headed hydra (ally target, 94% to hit)
You feel a surge of power!
The searing ray hits the eight-headed hydra!
The eight-headed hydra is lightly wounded. (Press . to maintain the ray.)
Your fulminant prism crackles loudly.
The searing ray hits the eight-headed hydra!
The eight-headed hydra is moderately wounded.
The eight-headed hydra bites you but does no damage.
The eight-headed hydra barely misses you.
The eight-headed hydra bites you! x2
The eight-headed hydra closely misses you.
The eight-headed hydra bites you but does no damage. x2
The eight-headed hydra closely misses you.
Your fulminant prism explodes!
The blast of energy engulfs the eight-headed hydra!!
The eight-headed hydra is severely wounded.
You hear a loud, deep croak!
You hear an angry hiss. x2; You hear a roar!
The searing ray hits the eight-headed hydra!
The eight-headed hydra is almost dead.
The eight-headed hydra bites you!
* * * LOW HITPOINT WARNING * * *
The eight-headed hydra misses you.
The eight-headed hydra closely misses you.
The eight-headed hydra bites you.
* * * LOW HITPOINT WARNING * * *
The eight-headed hydra bites you!
* * * LOW HITPOINT WARNING * * *
The eight-headed hydra bites you.
* * * LOW HITPOINT WARNING * * *
The eight-headed hydra bites you!
You die...
Your body crumbles into a pile of gold.

###.............. ###
##.#.......##..###.. . ..#
$ .##......#.#.......#P
..# ...............#....
..# ........P.........##
..P#
.............#...#.##..#
..............#.......##
....####.........#.....#
...## #.........@D....#
...# #......#...........#
...##........#....###.....
..........#####..## #...
#.....##### #### .. .....
.


You could see an eight-headed hydra.

Vanquished Creatures
  A hydra (Lair:1)
  2 two-headed ogres (D:9)
  4 skeletal warriors
  Pikel (D:8)
  A cane toad (Lair:2)
  2 komodo dragons
  A tengu conjurer (D:9)
  2 polar bears (D:10)
  A troll (D:10)
  A hornet (D:8)
  3 blink frogs (Lair:1)
  Sigmund (D:2)
  A wraith (D:9)
  7 wyverns
  2 shadows
  12 yaks
  A basilisk (Lair:2)
  2 steam dragons
  4 water moccasins
  5 orc warriors
  A swamp drake (D:11)
  A black bear (D:6)
  A sky beast (D:8)
  2 ogres (D:6)
  An ice beast (D:6)
  A necrophage (D:7)
  3 centaurs
  2 phantoms
  2 kobold brigands
  10 bullfrogs
  A gnoll sergeant (D:9)
  2 scorpions
  A water moccasin skeleton (D:5)
  4 wights (D:8)
  10 killer bees (D:9)
  6 electric eels (D:10)
  4 howler monkeys
  4 centaur zombies
  5 hounds
  A bullfrog skeleton (D:3)
  A gnoll shaman (D:7)
  7 orc priests
  4 iguanas
  14 orc wizards
  A killer bee zombie (D:9)
  A hound zombie (D:5)
  Robin (D:3)
  A howler monkey zombie (D:6)
  9 gnolls
  9 adders
  4 shadow imps
  A white imp (D:6)
  2 dart slugs
  32 orcs
  2 bats (D:1)
  6 endoplasms
  A giant cockroach (D:1)
  11 goblins
  10 hobgoblins
  7 jackals
  10 kobolds
  5 quokkas
  5 ball pythons
  5 frilled lizards
  6 rats
271 creatures vanquished.

Vanquished Creatures (others)
  28 fulminant prisms
  3 fungi
  6 plants (Lair:2)
37 creatures vanquished.

Grand Total: 308 creatures vanquished

Notes
Turn   | Place    | Note
-------+----------+-------------------------------------------
     0 | D:1      | mordus the Djinni Conjurer began the quest for the Orb.
     0 | D:1      | Reached XP level 1. HP: 15/15 MP: 0/0
   259 | D:1      | Reached XP level 2. HP: 19/22 MP: 0/0
   533 | D:1      | Reached skill level 1 in Fighting
   533 | D:1      | Reached XP level 3. HP: 6/27 MP: 0/0
   533 | D:1      | Learned a level 1 spell: Corona
   867 | D:1      | Found a faded altar of an unknown god.
  1296 | D:2      | Noticed Sigmund
  1337 | D:2      | Killed Sigmund
  1338 | D:2      | Reached XP level 4. HP: 7/34 MP: 0/0
  1338 | D:2      | Reached XP level 5. HP: 8/39 MP: 0/0
  1338 | D:2      | Learned a level 2 spell: Poisonous Vapours
  1338 | D:2      | Reached XP level 6. HP: 9/44 MP: 0/0
  2146 | D:2      | Found Xafed's Magic Scroll Shoppe.
  2765 | D:3      | Noticed Robin
  2769 | D:3      | Killed Robin
  2770 | D:3      | Reached XP level 7. HP: 40/49 MP: 0/0
  2770 | D:3      | Learned a level 3 spell: Mephitic Cloud
  3281 | D:4      | Gained mutation: Your muscles are strong. (Str +2) [potion
                  | of mutation]
  3281 | D:4      | Gained mutation: You are frail. (-10% HP) [potion of
                  | mutation]
  3281 | D:4      | Gained mutation: You are agile. (Dex +2) [potion of
                  | mutation]
  3282 | D:4      | Lost mutation: You are agile. (Dex +2) [potion of mutation]
  3282 | D:4      | Lost mutation: Your muscles are strong. (Str +2) [potion of
                  | mutation]
  3282 | D:4      | Lost mutation: You are frail. (-10% HP) [potion of
                  | mutation]
  3282 | D:4      | Gained mutation: You are agile. (Dex +2) [potion of
                  | mutation]
  3412 | D:4      | Reached skill level 5 in Spellcasting
  4284 | D:5      | Entered Level 5 of the Dungeon
  4492 | D:5      | Reached XP level 8. HP: 54/58 MP: 0/0
  4500 | D:5      | Reached skill level 5 in Dodging
  6141 | D:6      | Found a staircase to the Ecumenical Temple.
  6422 | D:6      | Reached XP level 9. HP: 60/64 MP: 0/0
  6422 | D:6      | Learned a level 4 spell: Cause Fear
  6609 | D:7      | Reached skill level 5 in Fighting
  6888 | Temple   | Entered the Ecumenical Temple
  7059 | Temple   | Became a worshipper of Gozag Ym Sagoz the Greedy
  8068 | D:8      | Found Coebryap's Assorted Antiques.
  8486 | D:8      | Noticed Pikel
  8493 | D:8      | Killed Pikel
  8541 | D:8      | Found a blossoming altar of Fedhas.
  8663 | D:8      | Reached XP level 10. HP: 65/73 MP: 0/0
  9519 | D:9      | Noticed a skeletal warrior
 10367 | D:9      | Noticed a two-headed ogre
 10377 | D:9      | Noticed a two-headed ogre
 10378 | D:9      | Killed a two-headed ogre
 10386 | D:9      | Killed a two-headed ogre
 10387 | D:9      | Reached XP level 11. HP: 54/81 MP: 0/0
 10387 | D:9      | Learned a level 4 spell: Ice Form
 10445 | D:9      | Killed a skeletal warrior
 11182 | D:9      | Found Isur's Armour Shop.
 11193 | D:9      | Bought a +2 robe of cold resistance for 194 gold pieces
 11428 | D:10     | Entered Level 10 of the Dungeon
 12000 | D:10     | Reached skill level 10 in Spellcasting
 12070 | D:10     | Found a bloodstained altar of Trog.
 12521 | D:10     | Identified a scroll of acquirement
 12521 | D:10     | Acquired 1020 gold pieces
 13249 | D:11     | Noticed a skeletal warrior
 13250 | D:11     | Noticed a skeletal warrior
 13334 | D:10     | Killed a skeletal warrior
 13335 | D:10     | Reached skill level 10 in Dodging
 13830 | D:10     | Killed a skeletal warrior
 14022 | D:11     | Noticed a skeletal warrior
 14039 | D:11     | Killed a skeletal warrior
 14040 | D:11     | Reached XP level 12. HP: 66/89 MP: 0/0
 14260 | D:11     | Identified the +0 kite shield of Spite {Int+2}
 14315 | D:11     | Found a portal to a secret trove of treasure.
 15298 | D:11     | Found a staircase to the Lair.
 15326 | Lair:1   | Entered Level 1 of the Lair of Beasts
 15680 | Lair:1   | Noticed a five-headed hydra
 15687 | Lair:1   | Killed a five-headed hydra
 16653 | Lair:2   | Noticed an eight-headed hydra
 16660 | Lair:2   | HP: 2/91 [eight-headed hydra (6)]
 16660 | Lair:2   | Mangled by an eight-headed hydra

Illustrated notes

Levels and vault maps discovered:
D:1:      ebering_hopf_link, layout_basic,
          hellmonk_ecumenical_altar_pennies_from_heaven
D:2:      layout_basic, serial_shops, nicolae_lakefront_shop, uniq_sigmund,
          uniq_crazy_yiuf_cottage
D:3:      layout_basic, uniq_robin
D:4:      layout_loops_ring, roderic_lattice_a
D:5:      layout_cave_pools
D:6:      layout_basic, minmay_temple_entry_statues
D:7:      layout_loops_ring
D:8:      layout_rooms, amcnicky_altar_gilded, minmay_shop_grid_forest,
          chequers_serial_rivers_small_a, kennysheep_doodads, minmay_puff,
          uniq_pikel
D:9:      hangedman_cross_stitches, layout_basic, serial_shops, shop_statue
D:10:     layout_basic, trog_ov_bears_minmay
D:11:     layout_loops_ring, erik_lair_dragon, nicolae_trove_entry_isolated
Temple:   regret_index_temple_chain_breaker
Lair:1:   layout_long_grid, st_stairs_8
Lair:2:   layout_misc_corridors, special_room [special_room_bee]

Skill      XL: |  1  2  3  4  5  6  7  8  9 10 11 12 |
---------------+-------------------------------------+-----
Fighting       | 1 2 3 4 6 7 9 |  9.9
Dodging        | 3 4 6 7 9 10 11 | 11.0
Spellcasting   | 4 5 6 7 9 10 11 | 11.2
Stealth        | |  1.5

Action                   |  1- 3 |  4- 6 |  7- 9 | 10-12 || total
-------------------------+-------+-------+-------+-------++-------
Melee: Whip              |       |    10 |     2 |       ||    12
       Dagger            |       |       |     2 |       ||     2
       Staff             |       |       |     2 |     3 ||     5
 Cast: Magic Dart        |    51 |    72 |   125 |    34 ||   282
       Searing Ray       |     2 |     7 |    44 |    92 ||   145
       Mephitic Cloud    |       |       |     4 |    10 ||    14
       Poisonous Vapours |       |       |     2 |    23 ||    25
       Corona            |       |       |     2 |       ||     2
       Fulminant Prism   |       |       |     3 |    25 ||    28
       Iskenderun's Myst |       |       |     1 |    13 ||    14
       Cause Fear        |       |       |     1 |       ||     1
  Use: Scroll            |     4 |       |       |    10 ||    14
       Potion            |       |       |     8 |     5 ||    13
 Stab: Sleeping          |       |     1 |     1 |       ||     2
Armor: Robe              |     1 |     1 |    11 |    24 ||    37
Dodge: Dodged            |     8 |     6 |    38 |    97 ||   149

Table legend: (Time is in decaauts)
 A = Elapsed time spent in this place.
 B = Non-inter-level travel time spent in this place.
 C = Inter-level travel time spent in this place.
 D = Time resting spent in this place.
 E = Time spent auto-exploring this place.
 F = Levels seen in this place.
 G = Mean time per level.
                   A        B        C        D        E       F      G
               +--------+--------+--------+--------+--------+-----+--------+
         Total |  16657 |  16307 |    350 |   3558 |  10250 |  14 | 1189.8 |
       Dungeon |  15136 |  14858 |    278 |   3558 |   9026 |  11 | 1376.0 |
        Temple |    186 |    143 |     43 |      0 |    132 |   1 |  186.0 |
          Lair |   1334 |   1306 |     28 |      0 |   1092 |   2 |  667.0 |
               +--------+--------+--------+--------+--------+-----+--------+

Top non-repeatable levels by time:
    D:10: 2276 daAuts
     D:9: 1686 daAuts
    D:11: 1636 daAuts
     D:7: 1500 daAuts
     D:6: 1427 daAuts
     D:8: 1416 daAuts
     D:1: 1312 daAuts
     D:2: 1118 daAuts
  Lair:1: 1096 daAuts
     D:4: 991 daAuts
     D:5: 928 daAuts
     D:3: 841 daAuts
  Lair:2: 237 daAuts
  Temple: 186 daAuts
